 Dungeon Crawl Stone Soup version 0.22.1-2-g9c5b331 (webtiles) character file.

137 Fang the Skirmisher (level 5, -1/33 HPs)
             Began as a Gargoyle Berserker on Dec 11, 2018.
             Was a Believer of Trog.
             Slain by an adder (2 damage)
             ... on level 3 of the Dungeon.
             The game lasted 00:01:51 (1892 turns).

Fang the Skirmisher (Gargoyle Berserker)            Turns: 1892, Time: 00:01:51

Health: -1/33      AC:  9    Str: 21    XL:     5   Next: 20%
Magic:  5/5        EV: 11    Int:  8    God:    Trog [**....]
Gold:   65         SH:  0    Dex:  9    Spells: 4/4 levels left

rFire    . . .     SeeInvis .   a - +0 hand axe
rCold    . . .     Gourm    +   (no shield)
rNeg     + . .     Faith    .   l - +0 ring mail
rPois    ∞         Spirit   .   (no helmet)
rElec    +         Reflect  .   (no cloak)
rCorr    .         Harm     .   (no gloves)
MR       .....     Rnd*Tele +   (no boots)
Stlth    +.........             m - amulet of the gourmand
HPRegen  0.11/turn              f - ring of teleportation (curse)
MPRegen  0.09/turn              (no ring)

@: berserk cooldown, slowed, very slow
A: negative energy resistance 1, electricity resistance, unbreathing,
petrification resistance, rot immunity, AC +4
a: Berserk, Trog's Hand, Renounce Religion


You were on level 3 of the Dungeon.
You worshipped Trog.
Trog was pleased with you.
You were completely stuffed.

You visited 1 branch of the dungeon, and saw 3 of its levels.

You collected 65 gold pieces.

Inventory:

Hand Weapons
 a - a +0 hand axe (weapon)
Armour
 l - a +0 ring mail (worn)
Jewellery
 f - a cursed ring of teleportation (left hand)
 m - an amulet of the gourmand (around neck)
 n - a +5 ring of dexterity {unknown}
Scrolls
 e - a scroll of teleportation {unknown}
 g - 3 scrolls of identify {unknown}
 h - a scroll of amnesia {unknown}
 i - a scroll of noise {unknown}
 k - 3 scrolls of fog {unknown}
Potions
 b - a potion of mutation {unknown}
 d - a potion of experience {unknown}
 j - a potion of magic {unknown}
 o - 2 potions of berserk rage {unknown}
 p - a potion of degeneration {unknown}
Comestibles
 c - 5 rations
 q - a chunk of flesh


   Skills:
 + Level 4.1 Fighting
 + Level 4.1 Axes
 + Level 2.5 Armour
 + Level 2.2 Dodging
 + Level 0.5 Stealth


You had 4 spell levels left.
You didn't know any spells.
Your spell library was empty.

Dungeon Overview and Level Annotations

Branches:
Dungeon (3/15)

Altars:
Cheibriados
Fedhas


Innate Abilities, Weirdness & Mutations

You are resistant to torment.
Your stone body is resilient. (AC +4)
You are immune to poison.
You resist negative energy. (rN+)
You are resistant to electric shocks. (rElec)
You can survive without breathing.
You are immune to petrification.
You are immune to rotting.


Message History

The adder misses you. The bat closely misses you.
The adder bites you but does no damage.
You closely miss the adder.
The adder is moderately wounded.
You completely miss the bat. You closely miss the adder. The bat misses you.
The bat hits you but does no damage. The adder closely misses you.
The adder bites you but does no damage. x3
Unknown command.
Okay, then.
The adder bites you but does no damage. The adder bites you but does no damage.
The frilled lizard completely misses you.
You see here a scorpion corpse.
The adder bites you but does no damage. x2
The adder bites you.
* * * LOW HITPOINT WARNING * * *
The adder barely misses you. The adder bites you.
* * * LOW HITPOINT WARNING * * *
The adder bites you.
You die...

#.....!.......# .
###.............# . .
#........ ......# ...## #
#....... .....# .#.#.
..#####.....#######..### .....
#...........#..........##.#...
#..........S#.................
#.........†bS@................
.......####lS......#.#...####.
....... #...###....#...#
....... #...# #.##.#...#
.#..... #...# #.##.#...#
#..... #...# .........#
......? ######...###....
...#### ..... ...... .###...


You could see 3 adders, a bat and a frilled lizard.

Vanquished Creatures
  A scorpion (D:3)
  An orc wizard (D:3)
  An adder (D:2)
  A dart slug (D:1)
  2 leopard geckos (D:1)
  4 orcs (D:3)
  A bat (D:1)
  5 giant cockroaches
  A goblin (D:1)
  11 hobgoblins
  A quokka (D:2)
  3 frilled lizards
  4 kobolds
  6 rats (D:1)
42 creatures vanquished.

Notes
Turn   | Place    | Note
-------+----------+-------------------------------------------
     0 | D:1      | Fang the Gargoyle Berserker began the quest for the Orb.
     0 | D:1      | Reached XP level 1. HP: 14/14 MP: 1/1
   179 | D:1      | Found a snail-covered altar of Cheibriados.
   190 | D:1      | Reached XP level 2. HP: 15/19 MP: 2/2
   511 | D:1      | Reached ** piety under Trog
   525 | D:1      | Reached XP level 3. HP: 21/24 MP: 3/3
  1338 | D:2      | Found a blossoming altar of Fedhas.
  1820 | D:3      | Reached XP level 4. HP: 29/29 MP: 4/4
  1872 | D:3      | Reached XP level 5. HP: 9/33 MP: 5/5
  1891 | D:3      | HP: 1/33 [adder (3)]
  1892 | D:3      | Slain by an adder

Skill      XL: |  1  2  3  4 |
---------------+-------------+-----
Axes           | 3 4 |  4.1
Dodging        | 2 |  2.2
Fighting       | 4 |  4.1
Armour         | |  2.5
Stealth        | |  0.5

Action                   |  1- 3 |  4- 6 || total
-------------------------+-------+-------++-------
Melee: Hand axe          |   126 |    17 ||   143
Invok: Berserk           |     1 |     1 ||     2
  Eat: Chunk             |     6 |     8 ||    14
Armor: Animal skin       |    22 |       ||    22
       Ring mail         |    22 |    13 ||    35
Dodge: Dodged            |    86 |    16 ||   102
